 Dungeon Crawl Stone Soup version 0.31-a0-986-g5e6e4ef867 (webtiles) character file.

Game seed: 8491415349626203789

3160 Firecrotchwizard the Slicer (level 9, 0/45 HPs)
             Began as a Vine Stalker Monk on Nov 11, 2023.
             Was a High Priest of Hepliaklqana.
             Succumbed to a kobold demonologist's poison
             ... on level 7 of the Dungeon.
             The game lasted 00:13:42 (4918 turns).

Firecrotchwizard the Slicer (Vine Stalker Monk)     Turns: 4918, Time: 00:13:42

Health: 0/45       AC: 11    Str: 17    XL:     9   Next: 94%
Magic:  2/21       EV:  9    Int: 10    God:    Hepliaklqana [*****.]
Gold:   365        SH:  0    Dex: 24    Spells: 8/8 levels left

rFire   . . .        w - +2 dagger (venom)
rCold   . . .        d - orb {light}
rNeg    + . .        B - +0 chain mail
rPois   .            (no helmet)
rElec   .            y - +0 cloak "Avew" {rN+}
rCorr   .            j - +1 pair of gloves
SInv    .            (no boots)
Will    +....        (no amulet) Stlth
                     k - +6 ring of dexterity
HPRegen 1.07/turn    r - ring of magical power
MPRegen 0.17/turn

%: guardian spirit
@: lethally poisoned (0 -> -2), glowing, studying Axes
A: reduced essence, fangs 3, regeneration 1, magic shield, antimagic bite, no
potion heal 2
a: Renounce Religion, Recall Ancestor, Ancestor Identity, Transference, Idealise


You were on level 7 of the Dungeon.
You worshipped Hepliaklqana.
Hepliaklqana was extremely pleased with you.
You visited 1 branch of the dungeon, and saw 7 of its levels.

You collected 365 gold pieces.

Inventory:

Hand Weapons
 a - a +0 short sword
 n - a +2 short sword of protection
 q - a +1 short sword of flaming
 s - a +0 dagger of freezing
 w - a +2 dagger of venom (weapon)
Missiles
 e - 37 poisoned darts
Armour
 b - a +0 robe
 d - an orb of light (worn)
 f - a +0 scale mail
 j - a +1 pair of gloves (worn)
 y - the +0 cloak "Avew" (worn) {rN+}
   (You found it on level 7 of the Dungeon)

   rN+:       It protects you from negative energy.
 B - a +0 chain mail (worn)
Jewellery
 k - a +6 ring of dexterity (left hand)
 r - a ring of magical power (right hand)
Wands
 g - a wand of quicksilver (10)
 z - a wand of roots (3)
 A - a wand of flame (19)
Scrolls
 i - 3 scrolls of identify
 p - a scroll of vulnerability {unknown}
 t - a scroll of teleportation
 D - a scroll of poison
Potions
 c - a potion of ambrosia
 h - a potion of magic {unknown}
 l - 2 potions of curing
 m - a potion of degeneration {unknown}
 o - a potion of heal wounds {unknown}
 u - 2 potions of lignification {unknown}
 v - a potion of enlightenment {unknown}
 x - 2 potions of cancellation {unknown}
 C - a potion of brilliance {unknown}


   Skills:
 + Level 7.6 Fighting
 - Level 10.0 Short Blades
 + Level 1.2 Armour
 - Level 2.4 Dodging
 + Level 3.2 Invocations


You had 8 spell levels left.
You didn't know any spells.
Your spell library contained the following spells:

 Spells                   Type           Power      Damage    Failure   Level
 Foxfire                  Conj/Fire      0%         2x1d4     99%         1
 Summon Small Mammal      Summ           0%         N/A       99%         1
 Call Canine Familiar     Summ           0%         N/A       100%        3
 Summon Guardian Golem    Hex/Summ       0%         N/A       100%        3
 Vhi's Electric Charge    Tloc/Air       0%         N/A       100%        4
 Arcjolt                  Conj/Air       0%         1d10      100%        5
 Plasma Beam              Fire/Air       0%         2x1d10    100%        6
 Starburst                Conj/Fire      0%         6d3       100%        6


Dungeon Overview and Level Annotations

Branches:
Dungeon (7/15)             Temple (0/1) D:6

Altars:
Cheibriados
Hepliaklqana
Uskayaw
Wu Jian
The Shining One

Annotations:
D:5 exclusion: 2 doors
D:6 1 runed translucent door, 2 transporters, gogogogo's ghost, novice OpSh


Innate Abilities, Weirdness & Mutations

Your life essence is reduced to manifest your ancestor. (-10% HP)
You have razor-sharp teeth.
Your natural rate of healing is unusually fast.
When hurt, damage is shared between your health and your magic reserves.
Your bite disrupts and absorbs the magic of your enemies.
Potions cannot restore your health.


Message History

The kobold demonologist begins to cast a cantrip, but forgets the words!
The kobold brigand barely misses you.
The kobold demonologist gestures wildly while chanting.
You hit the kobold demonologist but do no damage.
The kobold demonologist looks as sick as possible!
You bite the kobold demonologist.
The kobold demonologist's magic leaks into the air.
You drain its magic.
You feel invigorated.
The kobold demonologist is moderately wounded.
You hit the kobold demonologist but do no damage.
The kobold demonologist looks as sick as possible!
The kobold demonologist is moderately wounded.
The kobold brigand barely misses you.
The kobold demonologist hits you but does no damage.
The kobold brigand hits you but does no damage.
The kobold demonologist casts a cantrip, but nothing happens.
You hit the kobold demonologist.
The kobold demonologist looks as sick as possible!
You bite the kobold demonologist.
The kobold demonologist's magic leaks into the air.
You drain its magic.
The kobold demonologist is heavily wounded.
The orange demon stings you but does no damage.
You hit the kobold demonologist but do no damage.
The kobold demonologist looks as sick as possible!
You bite the kobold demonologist.
The kobold demonologist's magic leaks into the air.
You drain its magic.
The kobold demonologist is severely wounded.
The kobold brigand hits you with a +0 short sword.
The kobold demonologist hits you with a +0 dagger.
The shadow imp spits at you.
The kobold demonologist mumbles some strange words.
The kobold brigand hits you with a +0 club.
You hit the kobold demonologist.
The kobold demonologist looks as sick as possible!
The kobold demonologist is severely wounded.
The orange demon stings you from afar.
You hit the kobold demonologist.
The kobold demonologist is almost dead.
Wigmund points at the kobold demonologist and mumbles some strange words.
The kobold demonologist easily resists.
The kobold demonologist falters for a moment.
The kobold demonologist gestures wildly while chanting.
The kobold brigand hits you with a +0 club.
The kobold demonologist gestures wildly while chanting.
You hit the kobold demonologist.
The kobold demonologist looks as sick as possible!
The kobold demonologist is almost dead.
The ufetubus disappears in a puff of smoke!
The orange demon stings you from afar!
You closely miss the kobold demonologist.
You bite the kobold demonologist.
You kill the kobold demonologist!
The shadow imp disappears in a puff of smoke!
The white imp disappears in a puff of smoke!
The crimson imp disappears in a puff of smoke!
The kobold brigand hits you but does no damage.
The kobold demonologist begins to cast a cantrip, but forgets the words!
Your Armour skill increases to level 1!
Your Invocations skill increases to level 3!
The orange demon stings you from afar.
Wigmund gestures at the kobold brigand while chanting.
The kobold brigand appears confused.
The kobold demonologist hits you but does no damage.
The kobold demonologist barely misses you.
The hellwing closely misses you. The hellwing hits you.
Items here: ) [ ÷ †.
You hit the kobold demonologist.
The kobold demonologist is poisoned.
You bite the kobold demonologist!
The kobold demonologist's magic leaks into the air.
You drain its magic.
You feel invigorated.
The kobold demonologist is moderately wounded.
The sixfirhy hits you. The sixfirhy shocks you! The sixfirhy barely misses you.
The orange demon stings you but does no damage.
You hit the kobold demonologist but do no damage.
The kobold demonologist is moderately wounded.
The sixfirhy hits you!
* * * LOW HITPOINT WARNING * * *
The sixfirhy shocks you!
* * * LOW MAGIC WARNING * * *
* * * LOW HITPOINT WARNING * * *
The sixfirhy hits you.
* * * LOW HITPOINT WARNING * * *
The sixfirhy shocks you!
* * * LOW MAGIC WARNING * * *
* * * LOW HITPOINT WARNING * * *
The hellwing hits you!
* * * LOW MAGIC WARNING * * *
* * * LOW HITPOINT WARNING * * *
The hellwing closely misses you.
Wigmund hits the kobold brigand with a +0 dagger of draining.
The kobold demonologist hits you but does no damage.
The kobold brigand hits you but does no damage.
The kobold demonologist hits you but does no damage.
You are lethally poisoned!
You hit the kobold brigand.
The kobold brigand is poisoned.
You bite the kobold brigand. You drain its power.
You feel invigorated.
The kobold brigand is moderately wounded.
You die...

##........)......#..#
#.#####........####.#
###...##....######...
##..)..##..## ###....
#.......#.## ##......
#÷÷.4...### ##.......
#÷.5554.# ##........
#4K3KK# ##.(.......
#.@4# ##..........
##K## ##...........
#R# #............ #.#
#............ ##.##
#.........<..
####...####...........
+÷÷....÷..'...........
####÷.÷######.........
##.## #.........


You could see the friendly Wigmund the hexer, an orange demon (summoned), 2
hellwings, 2 kobold demonologists, a sixfirhy (summoned), a chaos spawn
(summoned), 2 kobold brigands, 2 quasits and an ufetubus (summoned).

Vanquished Creatures
  Pikel (D:7)
  A kobold demonologist (D:7)
  A wyvern (D:5)
  A steam dragon (D:6)
  2 water moccasins (D:5)
  An ice beast (D:6)
  2 centaurs
  2 phantoms (D:5)
  3 lemures (D:7)
  2 kobold brigands (D:6)
  4 scorpions
  2 wights (D:7)
  A jelly (D:5)
  2 orc priests
  3 hounds
  2 iguanas
  Ijyb (D:5)
  5 orc wizards
  6 adders
  A shadow imp (D:5)
  An ufetubus (D:5)
  2 worms
  3 dart slugs
  16 orcs
  12 ball pythons
  5 bats
  9 endoplasms
  2 giant cockroaches
  5 goblins
  7 hobgoblins
  3 jackals (D:2)
  3 quokkas
  2 frilled lizards (D:1)
  18 kobolds
  5 rats
136 creatures vanquished.

Vanquished Creatures (collateral kills)
  A hornet (D:5)
  Menkaure (D:5)
  An ogre (D:4)
  A lemure (D:7)
  A wight (D:7)
  An orc priest (D:4)
  A jelly (D:7)
  2 orc wizards
  An ufetubus (D:5)
  2 worms
  A dart slug (D:5)
  3 orcs
  A giant cockroach (D:3)
  A hobgoblin (D:3)
  7 kobolds
  A quokka (D:3)
26 creatures vanquished.

Vanquished Creatures (others)
  A kobold (D:6)
1 creature vanquished.

Grand Total: 163 creatures vanquished

Notes
Turn   | Place    | Note
-------+----------+-------------------------------------------
     0 | D:1      | Firecrotchwizard the Vine Stalker Monk began the quest for
                  | the Orb.
     0 | D:1      | Reached XP level 1. HP: 11/11 MP: 2/2
    61 | D:1      | Found a faded altar of an unknown god.
    95 | D:1      | Reached skill level 3 in Short Blades
   125 | D:1      | Reached XP level 2. HP: 16/16 MP: 3/3
   186 | D:1      | You fall into a shaft and drop 1 floor!
   302 | D:2      | Reached XP level 3. HP: 20/20 MP: 4/4
   868 | D:2      | Reached skill level 4 in Short Blades
   868 | D:2      | Reached XP level 4. HP: 22/24 MP: 3/5
  1115 | D:2      | Found a hazy altar of Hepliaklqana.
  1122 | D:2      | Became a worshipper of Hepliaklqana the Forgotten
  1122 | D:2      | Reached * piety under Hepliaklqana
  1122 | D:2      | Reached ** piety under Hepliaklqana
  1123 | D:2      | Remembered your ancestor Wigmund as a hexer
  1635 | D:3      | Reached XP level 5. HP: 25/25 MP: 6/6
  1775 | D:3      | Found a glowing golden altar of the Shining One.
  2127 | D:4      | Reached *** piety under Hepliaklqana
  2136 | D:4      | Reached skill level 5 in Short Blades
  2160 | D:4      | Reached XP level 6. HP: 28/29 MP: 7/7
  2416 | D:4      | Reached XP level 7. HP: 34/34 MP: 8/8
  2525 | D:4      | Found a hide-covered altar of Uskayaw.
  2557 | D:4      | Reached skill level 6 in Short Blades
  2722 | D:5      | Entered Level 5 of the Dungeon
  2738 | D:5      | Noticed Menkaure
  2743 | D:5      | Killed Menkaure
  2744 | D:5      | Reached skill level 5 in Fighting
  2880 | D:5      | Noticed Ijyb
  2885 | D:5      | Killed Ijyb
  2921 | D:5      | Reached skill level 7 in Short Blades
  2921 | D:5      | Gained mutation: You have razor-sharp teeth. [Vine Stalker
                  | growth]
  2921 | D:5      | Reached XP level 8. HP: 38/38 MP: 9/9
  3087 | D:5      | Noticed a hornet
  3091 | D:5      | Paralysed by a hornet for 3 turns
  3096 | D:5      | Killed a hornet
  3230 | D:5      | Reached **** piety under Hepliaklqana
  3248 | D:5      | Reached skill level 8 in Short Blades
  3263 | D:5      | Noticed a wyvern
  3275 | D:5      | Killed a wyvern
  3433 | D:5      | Reached XP level 9. HP: 43/44 MP: 10/10
  3693 | D:6      | Reached skill level 9 in Short Blades
  3736 | D:6      | Found a runed translucent door.
  3885 | D:6      | Found a staircase to the Ecumenical Temple.
  4007 | D:6      | Noticed a cyclops
  4008 | D:6      | Found a snail-covered altar of Cheibriados.
  4009 | D:6      | Noticed a red ugly thing
  4011 | D:6      | Found a transporter.
  4020 | D:6      | Found a transporter.
  4324 | D:6      | Found an ornate altar of the Wu Jian Council.
  4461 | D:6      | Noticed gogogogo's ghost (novice OpSh)
  4598 | D:7      | Reached ***** piety under Hepliaklqana
  4637 | D:7      | Identified the +0 cloak "Avew" {rN+}
  4709 | D:7      | Noticed Pikel
  4753 | D:7      | Killed Pikel
  4754 | D:7      | Reached skill level 10 in Short Blades
  4901 | D:7      | Found the +7 Throatcutter {drain, coup de grace}
  4901 | D:7      | Noticed a kobold demonologist
  4901 | D:7      | Noticed a kobold demonologist
  4901 | D:7      | Noticed a kobold demonologist
  4903 | D:7      | Noticed an orange demon
  4907 | D:7      | Noticed a hellwing
  4911 | D:7      | Noticed a sixfirhy
  4913 | D:7      | Noticed a hellwing
  4914 | D:7      | Killed a kobold demonologist
  4915 | D:7      | Reached skill level 1 in Armour
  4917 | D:7      | HP: 2/45 [hellwing[a kobold demonologist] (5)]
  4918 | D:7      | Succumbed to a kobold demonologist's poison

Illustrated notes

Levels and vault maps discovered:
D:1:      minmay_arrival_four_circles, layout_basic, basic_ecumenical_altar,
          hangedman_decor_lopped, minmay_tromino_mix6
D:2:      layout_basic, basic_altar
D:3:      layout_loops_cross, nicolae_overflow_crystal_walls,
          serial_bayou_pond_b
D:4:      minmay_door_path, layout_cave_pools, nicolae_uskayaw_dance_hall
D:5:      cheibrodos_two_vegetables, layout_basic, kennysheep_donut, uniq_ijyb,
          uniq_menkaure
D:6:      kennysheep_kobold_camp, layout_basic,
          mainiacjoe_overflow_concentric_impassable,
          gammafunk_temple_overflow_arena, minmay_temple_entry_wispy,
          ebering_ghost_reflecting_pool, chequers_serial_rivers_marsh
D:7:      layout_cave_pods, dilly_guarded_unrand_throatcut, uniq_pikel

Skill      XL: |  1  2  3  4  5  6  7  8  9 |
---------------+----------------------------+-----
Short Blades   | 3 4 5 7 8 10 | 10.0
Fighting       | 3 4 5 6 7 |  7.6
Invocations    | 3 |  3.2
Armour         | 1 |  1.2
Dodging        | |  2.4

Action                     |  1- 3 |  4- 6 |  7- 9 || total
---------------------------+-------+-------+-------++-------
  Melee: Short sword       |    11 |   101 |     3 ||   115
         Bite              |    21 |    41 |   101 ||   163
         Dagger            |    73 |    14 |   212 ||   299
  Throw: Dart              |       |     1 |       ||     1
 Invoke: Ancestor Life: He |       |     1 |       ||     1
         Recall Ancestor   |       |       |     1 ||     1
  Evoke: Wand              |       |       |     1 ||     1
    Use: Scroll            |       |       |     7 ||     7
   Stab: Distracted        |       |     2 |     2 ||     4
         Confused          |       |     3 |     5 ||     8
         Sleeping          |       |       |     1 ||     1
 Armour: Scale mail        |    41 |    52 |    46 ||   139
         Robe              |     2 |       |       ||     2
         Chain mail        |       |       |    80 ||    80
  Dodge: Dodged            |    42 |    48 |    79 ||   169

Table legend: (Time is in decaauts)
 A = Elapsed time spent in this place.
 B = Non-inter-level travel time spent in this place.
 C = Inter-level travel time spent in this place.
 D = Time resting spent in this place.
 E = Time spent auto-exploring this place.
 F = Levels seen in this place.
 G = Mean time per level.
                   A        B        C        D        E       F      G
               +--------+--------+--------+--------+--------+-----+--------+
         Total |   4805 |   4566 |    239 |     68 |   3642 |   7 |  686.4 |
       Dungeon |   4805 |   4566 |    239 |     68 |   3642 |   7 |  686.4 |
               +--------+--------+--------+--------+--------+-----+--------+

Top non-repeatable levels by time:
     D:6: 896 daAuts
     D:5: 823 daAuts
     D:2: 785 daAuts
     D:3: 671 daAuts
     D:1: 643 daAuts
     D:4: 638 daAuts
     D:7: 346 daAuts
